 Dungeon Crawl Stone Soup version 0.21.0-37-g46506fa (webtiles) character file.

844 tidbits the Digger (level 8, 44/57 HPs)
             Began as a Gnoll Earth Elementalist on Feb 1, 2018.
             Quit the game on level 7 of the Dungeon.
             The game lasted 00:12:20 (986 turns).

tidbits the Digger (Gnoll Earth Elementalist)        Turns: 986, Time: 00:12:21

Health: 44/57      AC:  4    Str: 11    XL:     8   Next: 0%
Magic:  5/16       EV: 15    Int: 20    God:
Gold:   87         SH:  0    Dex: 15    Spells: 3/18 levels left

rFire    . . .     SeeInvis .   h - +2 rapier (speed)
rCold    . . .     Gourm    .   (no shield)
rNeg     . . .     Faith    .   d - +0 robe
rPois    .         Spirit   .   (no helmet)
rElec    .         Reflect  .   C - +0 cloak (curse)
rCorr    .         Harm     .   G - +0 pair of gloves
MR       +....                  (no boots)
Stlth    +++.......             (no amulet)
HPRegen  0.19/turn              H - ring of protection from magic
MPRegen  0.15/turn              (no ring)

@: no status effects
A: distributed training, fangs 1, strong nose
a: no special abilities


You were on level 7 of the Dungeon.
You were not hungry.

You visited 1 branch of the dungeon, and saw 7 of its levels.

You collected 87 gold pieces.

Inventory:

Hand Weapons
 a - a -2 dagger
 h - a +2 rapier of speed (weapon)
   (You found it on level 3 of the Dungeon)
 m - a cursed -2 dagger
 q - a +0 rapier
 r - a +0 war axe
Missiles
 b - 4 stones (quivered)
 f - 21 sling bullets
 o - a throwing net {!f}
 s - 8 javelins
 t - 3 poisoned tomahawks
Armour
 d - a +0 robe (worn)
 C - a cursed +0 cloak (worn)
 G - a +0 pair of gloves (worn)
Jewellery
 H - a ring of protection from magic (left hand)
   (You found it on level 2 of the Dungeon)
Scrolls
 i - 2 scrolls of teleportation
 u - a scroll of remove curse
 v - a scroll of fear
Potions
 g - 2 potions of lignification
 j - a potion of resistance {unknown}
 k - 2 potions of curing {unknown}
 l - 2 potions of might {unknown}
 n - a potion of magic {unknown}
 p - a potion of brilliance {unknown}
 w - a potion of cancellation
Books
 e - a book of Geomancy

   Spells                             Type                      Level
   a - Sandblast                      Earth                        1
   b - Passwall                       Transmutation/Earth          2
   c - Stone Arrow                    Conjuration/Earth            3
   d - Petrify                        Transmutation/Earth          4
   e - Lee's Rapid Deconstruction     Earth                        5
Comestibles
 c - 8 rations


   Skills:
 + Level 2.8 Fighting
 + Level 2.8 Short Blades
 + Level 2.8 Long Blades
 + Level 2.8 Axes
 + Level 2.8 Maces & Flails
 + Level 2.8 Polearms
 + Level 2.8 Staves
 + Level 2.8 Slings
 + Level 2.8 Bows
 + Level 2.8 Crossbows
 + Level 2.8 Throwing
 + Level 2.8 Armour
 + Level 5.4 Dodging
 + Level 5.1 Stealth
 + Level 2.8 Shields
 + Level 2.8 Unarmed Combat
 + Level 5.8 Spellcasting
 + Level 2.2 Conjurations
 + Level 2.2 Hexes
 + Level 2.2 Charms
 + Level 2.2 Summonings
 + Level 2.2 Necromancy
 + Level 2.2 Translocations
 + Level 3.1 Transmutations
 + Level 2.2 Fire Magic
 + Level 2.2 Ice Magic
 + Level 2.2 Air Magic
 + Level 5.9 Earth Magic
 + Level 2.2 Poison Magic
 + Level 3.1 Invocations
 + Level 2.8 Evocations


You had 3 spell levels left.
You knew the following spells:

 Your Spells              Type           Power        Failure   Level  Hunger
a - Sandblast             Erth           ####..       1%          1    None
e - Petrify               Tmut/Erth      ###.....     16%         4    ####...
p - Passwall              Tmut/Erth      ###.......   2%          2    None
s - Stone Arrow           Conj/Erth      ###...       6%          3    ##.....
D - Lee's Rapid Deconstr  Erth           ####......   26%         5    #####..


Dungeon Overview and Level Annotations

Branches:
Dungeon (7/15)
 Temple: D:4-7

Altars:
Elyvilon
Uskayaw
Vehumet
Wu Jian


Innate Abilities, Weirdness & Mutations

Your experience applies equally to all skills.
You have very sharp teeth.
Your uncanny sense of smell can sniff out nearby items.


Message History

Aiming: Sandblast
Press: ? - help, Shift-Dir - straight line, f/p - hungry ghost
Aim: a hungry ghost (moderately damaged)
The blast of sand hits the hungry ghost.
The hungry ghost is severely damaged.
b - 8 stones The hungry ghost hits you.
You are feeling hungry.
Casting: Sandblast
Confirm with . or Enter, or press ? or * to list all spells.
Aiming: Sandblast
Press: ? - help, Shift-Dir - straight line, f/p - hungry ghost
Aim: a hungry ghost (severely damaged)
The blast of sand hits the hungry ghost.
The hungry ghost is almost destroyed.
b - 7 stones The hungry ghost hits you.
You are feeling very hungry.
Casting: Sandblast
Confirm with . or Enter, or press ? or * to list all spells.
Aiming: Sandblast
Press: ? - help, Shift-Dir - straight line, f/p - hungry ghost
Aim: a hungry ghost (almost destroyed)
The blast of sand hits the hungry ghost.
You destroy the hungry ghost!
Your Stealth skill increases to level 5!
Your Invocations skill increases to level 3!
b - 6 stones
Okay, then.
Okay, then.
You eat one of the 8 rations.
That ration really hit the spot!
Adjust (i)tems, (s)pells, or (a)bilities?
Adjust which item? (? for menu, Esc to quit)
d - 7 rations Adjust to which letter? (? for menu, Esc to quit)
c - 7 rations;
d - a +0 robe (worn)
Casting: Sandblast
Confirm with . or Enter, or press ? or * to list all spells.
Which direction?
You miscast Passwall.
Your hair momentarily turns into snakes!
Casting: Passwall
Confirm with . or Enter, or press ? or * to list all spells.
Which direction?
You begin to meditate on the wall.
You continue meditating on the rock. x2
You finish merging with the rock.
Found a stone staircase leading down.
Found 20 gold pieces.
Found a cloak and a scroll of identify.
You see here a cloak.
x - a cloak Wear which item? (? for menu, Esc to quit)
You start putting on your armour.
You continue putting on your cloak. x4
You finish putting on your cursed +0 cloak.
Oops, that feels deathly cold.
Adjust (i)tems, (s)pells, or (a)bilities?
Adjust which item? (? for menu, Esc to quit)
x - a cursed +0 cloak (worn)
Adjust to which letter? (? for menu, Esc to quit)
C - a cursed +0 cloak (worn)
You see here a scroll of identify.
As you read the scroll of identify, it crumbles to dust.
w - a potion of cancellation
Casting: Passwall
Confirm with . or Enter, or press ? or * to list all spells.
Which direction?
You begin to meditate on the wall.
You continue meditating on the rock. x2
You finish merging with the rock.
Splash!
You fall into the shallow water.
Moving in this stuff is going to be slow.
Found a white marble altar of Elyvilon.
The howler monkey howls!
The quokka misses something.
There is a white marble altar of Elyvilon here.
Your magical contamination has completely faded away.
Casting: Passwall
Confirm with . or Enter, or press ? or * to list all spells.
Aiming: Sandblast
Press: ? - help, Shift-Dir - straight line, f - howler monkey
Aim: a howler monkey The blast of sand hits the howler monkey.
The howler monkey is severely wounded.
b - 5 stones The howler monkey hoots and howls with incredible vigour!
You hear an angry hiss.
Casting: Sandblast
Confirm with . or Enter, or press ? or * to list all spells.
Aiming: Sandblast
Press: ? - help, Shift-Dir - straight line, f/p - howler monkey
Aim: a howler monkey (severely wounded, catching its breath)
The blast of sand hits the howler monkey.
You kill the howler monkey!
You have reached level 8!
You feel stronger.
b - 4 stones You see here a ration.
c - 8 rations (gained 1)
An adder comes into view.
Are you sure you want to abandon this character and quit the game? (Confirm with "yes".)

#.#.............#.#####..#.
#.#.###...†..............#.
#)#.#....######.....###...#
#.#.#...............#≈≈...≈
#[......####.##.....#≈..♣..
###.##.....................
#.#....###....#.#...♣._.♣
################$................
..............#.@.....#...#≈..♣..
...#...#...#..#.......#.###≈≈r..≈
............._##..........###...#
...#...#...#..#.......>........##
..............##...#.........#.#
################....S...........#
......##.#.#####.#.##...........#
......................######.#..#
W......#.#.####.##.##.# .# .#


You could see an adder (wandering).

Vanquished Creatures
  A hungry ghost (D:7)
  A sky beast (D:7)
  An ogre (D:2)
  2 bullfrogs (D:7)
  A scorpion (D:5)
  A wight (D:6)
  2 howler monkeys (D:7)
  A hound (D:7)
  A jelly (D:6)
  3 orc wizards
  An orc priest (D:3)
  2 worms (D:3)
  3 dart slugs
  3 leopard geckos
  11 orcs
  2 giant cockroaches
  7 hobgoblins
  4 jackals (D:1)
  4 quokkas
  A ball python (D:2)
  7 bats
  2 frilled lizards (D:2)
  4 goblins
  2 kobolds
  A quokka skeleton (D:5)
68 creatures vanquished.

Notes
Turn   | Place    | Note
-------+----------+-------------------------------------------
     0 | D:1      | tidbits the Gnoll Earth Elementalist began the quest for the Orb.
     0 | D:1      | Reached XP level 1. HP: 13/13 MP: 6/6
    45 | D:1      | Reached skill level 2 in Transmutations
    48 | D:1      | Reached XP level 2. HP: 15/19 MP: 0/7
   130 | D:2      | Learned a level 2 spell: Passwall
   253 | D:3      | Reached skill level 5 in Spellcasting
   253 | D:3      | Reached XP level 3. HP: 19/25 MP: 4/9
   265 | D:2      | Noticed an ogre
   269 | D:2      | Killed an ogre
   269 | D:2      | Reached skill level 1 in Fighting
   269 | D:2      | Reached skill level 1 in Short Blades
   269 | D:2      | Reached skill level 1 in Long Blades
   269 | D:2      | Reached skill level 1 in Axes
   269 | D:2      | Reached skill level 1 in Maces & Flails
   269 | D:2      | Reached skill level 1 in Polearms
   269 | D:2      | Reached skill level 1 in Staves
   269 | D:2      | Reached skill level 1 in Slings
   269 | D:2      | Reached skill level 1 in Bows
   269 | D:2      | Reached skill level 1 in Crossbows
   269 | D:2      | Reached skill level 1 in Throwing
   269 | D:2      | Reached skill level 1 in Armour
   269 | D:2      | Reached skill level 1 in Shields
   269 | D:2      | Reached skill level 1 in Unarmed Combat
   269 | D:2      | Reached skill level 1 in Conjurations
   269 | D:2      | Reached skill level 1 in Hexes
   269 | D:2      | Reached skill level 1 in Charms
   269 | D:2      | Reached skill level 1 in Summonings
   269 | D:2      | Reached skill level 1 in Necromancy
   269 | D:2      | Reached skill level 1 in Translocations
   269 | D:2      | Reached skill level 1 in Fire Magic
   269 | D:2      | Reached skill level 1 in Ice Magic
   269 | D:2      | Reached skill level 1 in Air Magic
   269 | D:2      | Reached skill level 1 in Poison Magic
   269 | D:2      | Reached skill level 1 in Invocations
   269 | D:2      | Reached skill level 1 in Evocations
   269 | D:2      | Reached XP level 4. HP: 26/32 MP: 3/11
   278 | D:2      | Reached XP level 5. HP: 31/37 MP: 4/12
   379 | D:3      | Found a hide-covered altar of Uskayaw.
   550 | D:4      | Reached skill level 2 in Invocations
   550 | D:4      | Reached XP level 6. HP: 10/44 MP: 3/13
   556 | D:4      | Learned a level 3 spell: Stone Arrow
   561 | D:4      | Learned a level 4 spell: Petrify
   567 | D:4      | Learned a level 5 spell: Lee's Rapid Deconstruction
   639 | D:5      | Entered Level 5 of the Dungeon
   701 | D:5      | Reached skill level 5 in Dodging
   745 | D:6      | Reached skill level 2 in Fighting
   745 | D:6      | Reached skill level 2 in Short Blades
   745 | D:6      | Reached skill level 2 in Long Blades
   745 | D:6      | Reached skill level 2 in Axes
   745 | D:6      | Reached skill level 2 in Maces & Flails
   745 | D:6      | Reached skill level 2 in Polearms
   745 | D:6      | Reached skill level 2 in Staves
   745 | D:6      | Reached skill level 2 in Slings
   745 | D:6      | Reached skill level 2 in Bows
   745 | D:6      | Reached skill level 2 in Crossbows
   745 | D:6      | Reached skill level 2 in Throwing
   745 | D:6      | Reached skill level 2 in Armour
   745 | D:6      | Reached skill level 2 in Shields
   745 | D:6      | Reached skill level 2 in Unarmed Combat
   745 | D:6      | Reached skill level 2 in Evocations
   826 | D:7      | Found an ornate altar of the Wu Jian Council.
   840 | D:7      | Reached XP level 7. HP: 38/50 MP: 10/15
   866 | D:7      | Reached skill level 2 in Conjurations
   866 | D:7      | Reached skill level 2 in Hexes
   866 | D:7      | Reached skill level 2 in Charms
   866 | D:7      | Reached skill level 2 in Summonings
   866 | D:7      | Reached skill level 2 in Necromancy
   866 | D:7      | Reached skill level 2 in Translocations
   866 | D:7      | Reached skill level 2 in Fire Magic
   866 | D:7      | Reached skill level 2 in Ice Magic
   866 | D:7      | Reached skill level 2 in Air Magic
   866 | D:7      | Reached skill level 2 in Poison Magic
   882 | D:7      | Found a radiant altar of Vehumet.
   895 | D:7      | Noticed a hungry ghost
   917 | D:7      | Reached skill level 3 in Transmutations
   922 | D:7      | Killed a hungry ghost
   922 | D:7      | Reached skill level 5 in Stealth
   922 | D:7      | Reached skill level 3 in Invocations
   960 | D:7      | Found a white marble altar of Elyvilon.
   967 | D:7      | Reached XP level 8. HP: 40/57 MP: 2/16
   986 | D:7      | Quit the game

Skill      XL: |  1  2  3  4  5  6  7 |
---------------+----------------------+-----
Transmutations | 2 3 |  3.1
Spellcasting   | 5 |  5.8
Fighting       | 1 2 |  2.8
Short Blades   | 1 2 |  2.8
Long Blades    | 1 2 |  2.8
Axes           | 1 2 |  2.8
Maces & Flails | 1 2 |  2.8
Polearms       | 1 2 |  2.8
Staves         | 1 2 |  2.8
Slings         | 1 2 |  2.8
Bows           | 1 2 |  2.8
Crossbows      | 1 2 |  2.8
Throwing       | 1 2 |  2.8
Armour         | 1 2 |  2.8
Shields        | 1 2 |  2.8
Unarmed Combat | 1 2 |  2.8
Conjurations   | 1 2 |  2.2
Hexes          | 1 2 |  2.2
Charms         | 1 2 |  2.2
Summonings     | 1 2 |  2.2
Necromancy     | 1 2 |  2.2
Translocations | 1 2 |  2.2
Fire Magic     | 1 2 |  2.2
Ice Magic      | 1 2 |  2.2
Air Magic      | 1 2 |  2.2
Poison Magic   | 1 2 |  2.2
Invocations    | 1 2 3 |  3.1
Evocations     | 1 2 |  2.8
Dodging        | 5 |  5.4
Stealth        | 5 |  5.1
Earth Magic    | |  5.9

Action                   |  1- 3 |  4- 6 |  7- 9 || total
-------------------------+-------+-------+-------++-------
Melee: Unarmed           |     6 |       |       ||     6
       Dagger            |     4 |     6 |       ||    10
       Rapier            |       |    56 |     3 ||    59
       Bite              |       |     6 |       ||     6
 Cast: Sandblast         |    13 |    39 |    14 ||    66
       Passwall          |     3 |     5 |     5 ||    13
  Use: Potion            |     2 |       |       ||     2
       Scroll            |       |     8 |     1 ||     9
 Stab: Sleeping          |     4 |     6 |     3 ||    13
  Eat: Ration            |       |     1 |     1 ||     2
Armor: Robe              |       |    10 |     2 ||    12
Dodge: Dodged            |     7 |    52 |     3 ||    62

Table legend:
 A = Turns spent in this place as a percentage of turns spent in the entire game.
 B = Non-inter-level travel turns spent in this place as a percentage of non-inter-level travel turns spent in the entire game.
 C = Inter-level travel turns spent in this place as a percentage of turns spent in this place.
 D = Turns resting spent in this place as a percentage of non-inter-level travel turns spent in this place.
 E = Turns spent auto-exploring this place as a percentage of non-inter-level travel turns spent in this place.
 F = Non-inter-level travel turns spent in this place divided by the number of levels of this place that you've seen.
                   A       B       C       D       E      F
               +-------+-------+-------+-------+-------+----------------------
         Total | 100.0 | 100.0 |   0.0 |   0.0 |   0.0 | 140.9
       Dungeon | 100.0 | 100.0 |   0.0 |   0.0 |   0.0 | 140.9
               +-------+-------+-------+-------+-------+----------------------

Table legend:
 A = Kills in this place as a percentage of kills in entire the game.
 B = Kills by you in this place as a percentage of kills by you in the entire game.
 C = Kills by friends in this place as a percentage of kills by friends in the entire game.
 D = Other kills in this place as a percentage of other kills in the entire game.
 E = Experience gained in this place as a percentage of experience gained in the entire game.
 F = Experience gained in this place divided by the number of levels of this place that you have seen.
                   A       B       C       D       E      F
               +-------+-------+-------+-------+-------+----------------------
         Total | 100.0 | 100.0 |   N/A |   N/A | 100.0 | 172.4
       Dungeon | 100.0 | 100.0 |   N/A |   N/A | 100.0 | 172.4
               +-------+-------+-------+-------+-------+----------------------

Vault maps used:
D:1:      sevenhm_arrival_forest_fort_small_3, minmay_tall_x
D:2:      grunt_decor_fettered, roderic_serpentine_path
D:3:      eat_drink_and_be_merry_uskayaw, serial_glass, glass_columns_b,
          glass_columns_b, minmay_crystal_water
D:4:      nemelex_altar_shiori, nicolae_qazlal_eye_of_the_storm,
          gammafunk_temple_overflow_wave, minmay_temple_entry_fiery,
          first_ration
D:5:      wad_floor_pattern_untrapped, corner_web_ring, nicolae_alphabet_shops,
          grunt_dithmenos_shadows
D:6:      corexii_shack_village, overflow_temple_1_default, serial_shops, shop,
          lightli_corner_chamber, uniq_duvessa
D:7:      lemuel_coloured_pillars_altar, nicolae_overflow_hidden_temple,
          grunt_ogre_cave, elyvilon_altar_4
